 Dungeon Crawl Stone Soup version 0.21.0-24-g2553a33 (webtiles) character file.

294 shitimlost the Ruffian (level 6, -7/53 HPs)
             Began as a Ghoul Gladiator on Jan 21, 2018.
             Splashed by a jelly's acid (8 damage)
             ... on level 5 of the Dungeon.
             The game lasted 00:10:26 (5961 turns).

shitimlost the Ruffian (Ghoul Gladiator)            Turns: 5961, Time: 00:10:28

Health: -7/53      AC:  0    Str: 24    XL:     6   Next: 33%
Magic:  5/5        EV: 12    Int:  3    God:
Gold:   224        SH:  0    Dex: 11    Spells: 5/5 levels left

rFire    . . .     SeeInvis .     - Unarmed
rCold    + . .     Gourm    .   (no shield)
rNeg     + + +     Faith    .   a - +0 leather armour
rPois    ∞         Spirit   .   b - +0 helmet
rElec    .         Reflect  .   (no cloak)
rCorr    .         Harm     .   (no gloves)
MR       .....                  (no boots)
Stlth    ++........             (no amulet)
HPRegen  0.00/turn              c - +2 ring of slaying
MPRegen  0.09/turn              (no ring)

@: mighty, corroded, rotting
A: rotting body, claws 1, carnivore, cold resistance 1, negative energy
resistance 3, inhibited regeneration, torment resistance, unbreathing
a: no special abilities


You were on level 5 of the Dungeon.
You were not hungry.

You visited 1 branch of the dungeon, and saw 5 of its levels.

You collected 261 gold pieces.
You spent 37 gold pieces at shops.

Inventory:

Hand Weapons
 j - a +1 hunting sling
Missiles
 g - 167 stones (quivered)
 y - 4 tomahawks
Armour
 a - a +0 leather armour (worn)
 b - a +0 helmet (worn)
Jewellery
 c - a +2 ring of slaying (left claw)
 l - an uncursed amulet of rage {unknown}
Wands
 q - a wand of random effects (14)
Scrolls
 k - 2 scrolls of remove curse
Potions
 d - a potion of brilliance
 f - a potion of curing
 h - a potion of haste {unknown}
 i - a potion of cancellation {unknown}
 m - 3 potions of heal wounds {unknown}
 o - 2 potions of agility {unknown}
 v - a potion of ambrosia {unknown}
 x - 2 potions of lignification {unknown}
 z - a potion of flight {unknown}
Comestibles
 u - 5 rations


   Skills:
 + Level 4.3 Fighting
 - Level 1.8 Throwing
 - Level 2.7 Dodging
 + Level 3.9 Stealth
 + Level 5.1 Unarmed Combat


You had 5 spell levels left.
You didn't know any spells.

Dungeon Overview and Level Annotations

Branches:
Dungeon (5/15)
 Temple: D:4-7

Altars:
Ashenzari
Elyvilon
Hepliaklqana
Xom
The Shining One

Shops:
D:4 (

Annotations:
D:4 Grinder
D:5 Eustachio


Innate Abilities, Weirdness & Mutations

Your body is rotting away.
You thrive on raw meat.
You are immune to poison.
You have sharp fingernails.
You are carnivorous and can eat meat at any time.
Your flesh is cold resistant. (rC+)
You are immune to negative energy. (rN+++)
You do not regenerate when monsters are visible.
You are immune to unholy pain and torment.
You can survive without breathing.


Message History

* * * LOW HITPOINT WARNING * * *
You scratch the adder.
The adder is almost dead.
The adder bites you.
* * * LOW HITPOINT WARNING * * *
The jelly hits you but does no damage.
You feel very mighty all of a sudden. The adder bites you.
* * * LOW HITPOINT WARNING * * *
The jelly hits you but does no damage. The adder barely misses you.
You claw the adder!
You kill the adder!
The jelly hits you but does no damage.
You claw the jelly! The acid corrodes you!
Your claws burn!
* * * LOW HITPOINT WARNING * * *
The jelly is severely wounded.
The jelly hits you.
* * * LOW HITPOINT WARNING * * *
You are splashed with acid!
The acid burns!
You die...

#.%......
#........
#........
#........
######....?..
####..........
#.....###..#
#.J.......# #
#@....##:.# #..
#.....##.J####...#
#######.........#.
#...........
###.....###.
#.....# #.....#
#....... #.....###


You could see a jelly.

Vanquished Creatures
  A hound (D:4)
  An orc wizard (D:3)
  Natasha (thrice) (D:2)
  A worker ant (D:4)
  4 adders
  A shadow imp (D:5)
  2 oozes
  An adder skeleton (D:4)
  5 worms
  A dart slug (D:2)
  3 leopard geckos
  4 orcs
  6 bats
  2 giant cockroaches
  3 goblins
  10 hobgoblins
  4 kobolds
  2 quokkas
  A frilled lizard (D:1)
  10 rats
65 creatures vanquished.

Vanquished Creatures (others)
  A hobgoblin (D:2)
  A quokka (D:2)
  A frilled lizard (D:2)
  A rat (D:2)
4 creatures vanquished.

Grand Total: 69 creatures vanquished

Notes
Turn   | Place    | Note
-------+----------+-------------------------------------------
     0 | D:1      | shitimlost the Ghoul Gladiator began the quest for the Orb.
     0 | D:1      | Reached XP level 1. HP: 17/17 MP: 0/0
   280 | D:1      | Reached XP level 2. HP: 24/25 MP: 1/1
   579 | D:1      | Reached skill level 1 in Stealth
   893 | D:2      | Reached XP level 3. HP: 11/30 MP: 2/2
  1331 | D:2      | Found a shimmering altar of Xom.
  1373 | D:2      | Found a white marble altar of Elyvilon.
  1724 | D:2      | Noticed Natasha
  1735 | D:2      | Killed Natasha
  1735 | D:2      | Reached skill level 4 in Unarmed Combat
  1735 | D:2      | Reached XP level 4. HP: 15/38 MP: 3/3
  2206 | D:2      | Noticed Natasha
  2220 | D:2      | Killed Natasha
  2321 | D:2      | Noticed Natasha
  2592 | D:2      | Found a hazy altar of Hepliaklqana.
  3199 | D:2      | Killed Natasha
  3199 | D:2      | Reached XP level 5. HP: 35/42 MP: 4/4
  4432 | D:4      | Found a shattered altar of Ashenzari.
  4470 | D:4      | Noticed Grinder
  4896 | D:4      | Found Kukaapez's Antique Weapon Boutique.
  4901 | D:4      | Bought a hunting sling for 37 gold pieces
  5104 | D:4      | Found a glowing golden altar of the Shining One.
  5140 | D:4      | Reached XP level 6. HP: 44/50 MP: 5/5
  5251 | D:4      | Reached skill level 5 in Unarmed Combat
  5903 | D:5      | Entered Level 5 of the Dungeon
  5915 | D:5      | Noticed Eustachio
  5961 | D:5      | HP: 2/53 [acid (5)]
  5961 | D:5      | Splashed by a jelly's acid

Skill      XL: |  1  2  3  4  5  6 |
---------------+-------------------+-----
Stealth        | 1 2 3 |  3.9
Fighting       | 3 4 |  4.3
Unarmed Combat | 4 5 |  5.1
Throwing       | |  1.8
Dodging        | |  2.7

Action                   |  1- 3 |  4- 6 || total
-------------------------+-------+-------++-------
Melee: Unarmed           |    79 |   148 ||   227
       Punch             |       |     1 ||     1
Throw: Throwing net      |     3 |     2 ||     5
       Stone             |     1 |       ||     1
Evoke: Wand              |     2 |     9 ||    11
  Use: Scroll            |       |    12 ||    12
       Potion            |       |     2 ||     2
 Stab: Sleeping          |     3 |     4 ||     7
  Eat: Chunk             |     3 |    13 ||    16
       Ration            |       |     2 ||     2
Armor: Leather armour    |     9 |    25 ||    34
Dodge: Dodged            |    30 |    74 ||   104
